 Dungeon Crawl Stone Soup version 0.28.0 (webtiles) character file.

Game seed: 4453451386101540741

57 crazypyro the Skirmisher (level 4, -2/48 HPs)
             Began as an Ogre Berserker on Feb 10, 2022.
             Was a Follower of Trog.
             Slain by a gnoll (13 damage)
             ... on level 2 of the Dungeon.
             The game lasted 00:01:03 (1327 turns).

crazypyro the Skirmisher (Ogre Berserker)           Turns: 1327, Time: 00:01:03

Health: -2/48      AC:  3    Str: 23    XL:     4   Next: 0%
Magic:  4/4        EV: 10    Int:  8    God:    Trog [*.....]
Gold:   37         SH:  0    Dex:  8    Spells: 3/3 levels left

rFire   . . .      SeeInvis .   a - +0 mace
rCold   . . .      Faith    .   (no shield)
rNeg    . . .      Spirit   .   b - +0 animal skin
rPois   .          Reflect  .   (helmet restricted)
rElec   .          Harm     .   (no cloak)
rCorr   .          Rampage  .   (gloves unavailable)
Will    .....                   (boots unavailable)
Stlth   +.........              (no amulet)
HPRegen 0.16/turn               (no ring)
MPRegen 0.09/turn               (no ring)

@: on berserk cooldown, slowed, very slow
A: large, unfitting armour, tough skin 1
a: Renounce Religion, Berserk


You were on level 2 of the Dungeon.
You worshipped Trog.
Trog was aware of your devotion.
You visited 1 branch of the dungeon, and saw 2 of its levels.

You collected 37 gold pieces.

Inventory:

Hand Weapons
 a - a +0 mace (weapon)
Armour
 b - a +0 animal skin (worn)
Scrolls
 c - a scroll of teleportation {unknown}
 d - 2 scrolls of magic mapping {unknown}
 e - a scroll of fear {unknown}
Potions
 f - a potion of cancellation {unknown}
 g - a potion of curing {unknown}


   Skills:
 - Level 4.2 Fighting
 + Level 3.5 Maces & Flails
 + Level 3.5 Dodging


You had 3 spell levels left.
You didn't know any spells.
Your spell library was empty.

Dungeon Overview and Level Annotations

Branches:
Dungeon (2/15)

Altars:


Innate Abilities, Weirdness & Mutations

You are too large for most types of armour.
You have tough skin. (AC +1)


Message History

You feel yourself moving faster!
You feel mighty! The gnoll completely misses you.
You bludgeon the gnoll!!
You kill the gnoll!
Trog accepts your kill.
You bludgeon the frilled lizard!!
You kill the frilled lizard!
Trog accepts your kill.
You have reached level 4!
The gnoll hits you with a +0 flail! The gnoll misses you.
Things that are here:
a +0 whip of freezing; a gnoll corpse You hit the gnoll.
The gnoll is moderately wounded.
The gnoll barely misses you. The gnoll misses you.
You barely miss the gnoll.
The gnoll is moderately wounded.
The gnoll hits you with a +0 flail.
You feel a strong urge to attack something.
You are no longer berserk.
You are exhausted.
You feel yourself slow down.
You hit the gnoll.
The gnoll is heavily wounded.
The gnoll hits you with a +0 flail.
* * * LOW HITPOINT WARNING * * *
The gnoll misses you. The gnoll closely misses you.
You closely miss the gnoll.
The gnoll is heavily wounded.
The gnoll hits you with a +0 flail.
* * * LOW HITPOINT WARNING * * *
The gnoll closely misses you. The gnoll completely misses you.
Hit: a) +0 mace
Press: ? - help, Dir - move target, f - gnoll
Aim: a gnoll, wielding a +0 flail (heavily wounded, about 37% to evade your +0 mace)
Okay, then.
The gnoll hits you with a +0 flail!
You die...

.#.# #+# #.# ...#
#.# #.# #.########.#
#.#
#.#......#.#######.#
#.#.####........##g#
#.#.# #.....##.##g#
#.#.####....###.##.#
#............##.##.#
###.####.###....@g.#
#.# #........####
#.# #.######## #..
..# ###


You could see a gnoll.

Vanquished Creatures
  2 gnolls
  3 dart slugs
  3 endoplasms (D:1)
  A giant cockroach (D:1)
  3 goblins
  A hobgoblin (D:1)
  2 jackals (D:1)
  A quokka (D:2)
  5 ball pythons
  4 bats (D:1)
  2 frilled lizards
  4 kobolds
  A rat (D:1)
32 creatures vanquished.

Notes
Turn   | Place    | Note
-------+----------+-------------------------------------------
     0 | D:1      | crazypyro the Ogre Berserker began the quest for the Orb.
     0 | D:1      | Reached XP level 1. HP: 24/24 MP: 1/1
   215 | D:1      | Reached XP level 2. HP: 24/32 MP: 2/2
   666 | D:1      | Found a faded altar of an unknown god.
   666 | D:1      | Noticed a green death
   678 | D:1      | Reached XP level 3. HP: 11/39 MP: 3/3
  1313 | D:2      | Reached XP level 4. HP: 42/48 MP: 4/4
  1327 | D:2      | Slain by a gnoll

Illustrated notes

Levels and vault maps discovered:
D:1:      onia_arrival_pyramid, layout_rooms,
          dreamdust_ecumenical_altar_sealed_demon,
          hangedman_abyss_or_decor_lesser_grid
D:2:      layout_loops_corners

Skill      XL: |  1  2 |
---------------+-------+-----
Dodging        | 3 |  3.5
Maces & Flails | 3 |  3.5
Fighting       | |  4.2

Action                   |  1- 3 |  4- 6 || total
-------------------------+-------+-------++-------
Melee: Mace              |    80 |     4 ||    84
Invok: Berserk           |     1 |       ||     1
 Stab: Sleeping          |     1 |       ||     1
Armor: Animal skin       |    22 |       ||    22
Dodge: Dodged            |    54 |     7 ||    61
